 Dungeon Crawl Stone Soup version 0.30.0-18-gf1372a6a44 (webtiles) character file.

Game seed: 2147852441010242535

560 qw the Chopper (level 7, -5/44 HPs)
             Began as a Gargoyle Fighter on May 21, 2023.
             Slain by a vampire (8 damage)
             ... on level 5 of the Dungeon.
             The game lasted 00:02:40 (3875 turns).

qw the Chopper (Gargoyle Fighter)                   Turns: 3875, Time: 00:02:41

Health: -5/44      AC: 18    Str: 22    XL:     7   Next: 31%
Magic:  7/7        EV:  8    Int:  8    God:
Gold:   166        SH:  4    Dex:  9    Spells: 6/6 levels left

rFire   . . .        Y - +2 war axe
rCold   . . .        c - +0 buckler
rNeg    + . .        e - +0 chain mail
rPois   inf          k - +0 helmet {SInv}
rElec   +            o - +0 cloak
rCorr   .            p - +1 pair of gloves
SInv    +            (no boots)
Will    .....        (no amulet) Stlth
                     (no ring)
HPRegen 0.27/turn    (no ring)
MPRegen 0.10/turn

%: no passive effects
@: about to teleport
A: sickness immunity, AC +4, negative energy resistance 1, electricity
resistance, torment resistance 1, petrification resistance
a: no special abilities


You were on level 5 of the Dungeon.
You visited 1 branch of the dungeon, and saw 5 of its levels.

You collected 289 gold pieces.
You spent 123 gold pieces at shops.


Innate Abilities, Weirdness & Mutations

You are immune to sickness and miasma.
Your stone body is resilient. (AC +4)
You are immune to poison.
You resist negative energy. (rN+)
You are resistant to electric shocks. (rElec)
You are resistant to unholy torment.
You are immune to petrification.


   Skills:
 - Level 4.4 Fighting
 + Level 6.5 Axes
 - Level 3.2 Armour
 - Level 1.0 Dodging
 - Level 3.2 Shields


You had 6 spell levels left.
You didn't know any spells.
Your spell library was empty.

Inventory:

Hand Weapons
 n - a +0 flail
 Y - a +2 war axe (weapon)
Armour
 c - a +0 buckler (worn)
 e - a +0 chain mail (worn)
 g - a +0 plate armour
 k - a +0 helmet of see invisible (worn)
 o - a +0 cloak (worn)
 p - a +1 pair of gloves (worn)
Scrolls
 h - 3 scrolls of identify
 m - a scroll of teleportation
Potions
 b - a potion of degeneration {unknown}
 d - a potion of might
 f - 2 potions of curing
 i - a potion of haste
 j - a potion of magic {unknown}
 l - a potion of cancellation {unknown}
 q - a potion of heal wounds {unknown}

Dungeon Overview and Level Annotations

Branches:
Dungeon (5/15)
 Temple: D:4-7

Altars:
Nemelex Xobeh
Qazlal
Sif Muna
Wu Jian
Yredelemnul

Shops:
D:1 *   D:3 =[(([


Message History

A vampire comes into view.
You closely miss the vampire. The vampire hits you.
The vampire bites you but does no damage.
You slash the vampire!
The vampire is heavily damaged.
The vampire hits you but does no damage.
The vampire bites you but does no damage.
You hit the vampire but do no damage.
The vampire is heavily damaged.
The vampire hits you but does no damage.
You block the vampire's attack.
You completely miss the vampire.
The vampire is heavily damaged.
The vampire hits you. The vampire bites you!
You barely miss the vampire.
The vampire is heavily damaged.
The vampire gestures wildly while chanting.
The vampire flickers and vanishes for a moment.
You hit the vampire but do no damage.
The vampire is heavily damaged.
The vampire barely misses you. You block the vampire's attack.
The vampire hits you! The vampire bites you.
You hit the vampire.
The vampire is heavily damaged.
The vampire barely misses you. The vampire bites you!
3873 ||| READING 2 scrolls of teleportation.
As you read the scroll of teleportation, it crumbles to dust.
You feel strangely unstable.
The vampire hits you but does no damage.
The vampire barely misses you.
You slash the vampire!
The vampire is almost destroyed.
The vampire hits you but does no damage.
The vampire bites you but does no damage.
You barely miss the vampire.
The vampire is almost destroyed.
The vampire hits you but does no damage.
The vampire bites you!
You die...

#...##._.#
#...##...#
###.#####'
#.# . #)#
###.#####
#..)....#
##.......#
#.@......#
#.V......#
#........#
#........#
##.......#
#.........
#......<..
.........


You could see a vampire (invisible).

Vanquished Creatures
  An ice beast (D:5)
  A phantom (D:4)
  2 scorpions (D:5)
  2 hounds
  A jelly (D:5)
  An iguana (D:5)
  A sleepcap (D:4)
  An orc wizard (D:3)
  3 adders
  An ufetubus (D:4)
  2 worms (D:3)
  A dart slug (D:1)
  6 orcs
  8 bats
  3 endoplasms
  5 giant cockroaches
  2 goblins
  6 hobgoblins
  2 jackals (D:1)
  A quokka (D:3)
  8 ball pythons
  A frilled lizard (D:3)
  5 kobolds
  3 rats
67 creatures vanquished.

Notes
Turn   | Place    | Note
-------+----------+-------------------------------------------
     0 | D:1      | qw the Gargoyle Fighter began the quest for the Orb.
     0 | D:1      | Reached XP level 1. HP: 14/14 MP: 1/1
     0 | D:1      | 0 ||| qw: Version: 0.2-a-98-g5d7165a
     0 | D:1      | 0 ||| qw: Game counter: 3
     0 | D:1      | 0 ||| qw: Always use a shield: true
     0 | D:1      | 0 ||| qw: God list: Okawaru
     0 | D:1      | 0 ||| qw: Allow faded altars: false
     0 | D:1      | 0 ||| qw: Do Orc after D:15 true
     0 | D:1      | 0 ||| qw: Do second Lair branch before Depths: true
     0 | D:1      | 0 ||| qw: Lair rune preference: random
     0 | D:1      | 0 ||| qw: Plans: Normal, Zot:1-4, God:TSO, Crypt, Tomb,
                  | Pan, Slime:5, Hells, Abyss, Win
     0 | D:1      | 0 ||| PLANNING D:1-11
    23 | D:1      | Reached skill level 2 in Axes
    46 | D:1      | 46 ||| Stepping ~*~*~tactically~*~*~ (stealth).
    57 | D:1      | 57 ||| Stepping ~*~*~tactically~*~*~ (hiding).
    65 | D:1      | 65 ||| Stepping ~*~*~tactically~*~*~ (stealth).
    66 | D:1      | 66 ||| Stepping ~*~*~tactically~*~*~ (stealth).
   115 | D:1      | Reached XP level 2. HP: 19/19 MP: 2/2
   167 | D:1      | Found Lexke's General Store.
   174 | D:1      | 174 ||| SHOPLISTING potion of lignification (30 gold, have
                  | 26).
   174 | D:1      | 174 ||| SHOPLISTING scroll of enchant weapon (75 gold, have
                  | 26).
   174 | D:1      | 174 ||| BUYING scroll of identify (20 gold).
   174 | D:1      | Bought a scroll of identify for 20 gold pieces
   322 | D:1      | 322 ||| READING scroll labelled EQE YJUARGH.
   518 | D:1      | 518 ||| DROPPING +0 club.
   592 | D:1      | 592 ||| READING 2 scrolls labelled MEILLO JUSTIO.
   593 | D:1      | 593 ||| READING scroll labelled HEXKUVU FIAFF.
   594 | D:1      | 594 ||| DROPPING scroll of noise.
   717 | D:1      | 717 ||| Stepping ~*~*~tactically~*~*~ (hiding).
   766 | D:1      | Reached skill level 3 in Axes
   842 | D:1      | 842 ||| READING scroll labelled BIERUUSK NIFFYU.
  1163 | D:2      | Reached XP level 3. HP: 23/23 MP: 3/3
  1178 | D:2      | Found a faded altar of an unknown god.
  1753 | D:2      | 1753 ||| UPGRADING to +0 helmet of see invisible.
  1758 | D:2      | 1758 ||| READING scroll labelled VEIFEA AL XAO.
  1759 | D:2      | 1759 ||| READING 2 scrolls labelled VOTEGANN IRIXT.
  1762 | D:2      | 1762 ||| READING scroll labelled KUNNIA VISULEI.
  1763 | D:2      | 1763 ||| DRINKING 2 fuming dark potions.
  1781 | D:3      | Found Atoif Kerghe's Armour Boutique.
  1802 | D:3      | 1802 ||| SHOPLISTING +1 chain mail of cold resistance (181
                  | gold, have 45).
  1802 | D:3      | 1802 ||| SHOPLISTING +6 scale mail of Kafuxz Nipt {rElec
                  | Str+2 Dex-4 Slay+2} (574 gold, have 45).
  1802 | D:3      | 1802 ||| SHOPLISTING scarf of resistance (352 gold, have
                  | 45).
  1842 | D:3      | 1842 ||| DRINKING potion of curing.
  1842 | D:3      | 1842 ||| (to cure confusion)
  1887 | D:3      | 1887 ||| Stepping ~*~*~tactically~*~*~ (stealth).
  1897 | D:3      | Reached skill level 4 in Axes
  1897 | D:3      | Reached XP level 4. HP: 22/28 MP: 4/4
  1990 | D:3      | Found Loeporow's Antique Armour Shoppe.
  2021 | D:3      | 2021 ||| BUYING cloak (103 gold).
  2021 | D:3      | Bought a cloak for 103 gold pieces
  2021 | D:3      | 2021 ||| SHOPLISTING jewelled ring mail (207 gold, have
                  | 11).
  2021 | D:3      | 2021 ||| SHOPLISTING pair of gloves (103 gold, have 11).
  2021 | D:3      | 2021 ||| SHOPLISTING runed scarf (184 gold, have 11).
  2039 | D:3      | Reached XP level 5. HP: 32/32 MP: 5/5
  2130 | D:3      | 2130 ||| Stepping ~*~*~tactically~*~*~ (stealth).
  2158 | D:3      | 2158 ||| Stepping ~*~*~tactically~*~*~ (stealth).
  2181 | D:3      | Found Umuojach's Jewellery Shoppe.
  2194 | D:3      | 2194 ||| SHOPLISTING +5 ring of evasion (504 gold, have
                  | 31).
  2194 | D:3      | 2194 ||| SHOPLISTING +6 ring of dexterity (504 gold, have
                  | 31).
  2194 | D:3      | 2194 ||| SHOPLISTING amulet of guardian spirit (420 gold,
                  | have 31).
  2194 | D:3      | 2194 ||| SHOPLISTING amulet of regeneration (420 gold, have
                  | 31).
  2194 | D:3      | 2194 ||| SHOPLISTING ring of fire (350 gold, have 31).
  2194 | D:3      | 2194 ||| SHOPLISTING ring of protection from cold (350
                  | gold, have 31).
  2194 | D:3      | 2194 ||| SHOPLISTING ring of willpower (350 gold, have 31).
  2248 | D:3      | Found Kolouschi's Weapon Shoppe.
  2268 | D:3      | 2268 ||| SHOPLISTING +0 broad axe (48 gold, have 46).
  2341 | D:3      | Found Plog's Weapon Shoppe.
  2350 | D:3      | 2350 ||| SHOPLISTING +0 heavy mace (81 gold, have 71).
  2350 | D:3      | 2350 ||| SHOPLISTING +3 flail of protection (233 gold, have
                  | 71).
  2475 | D:3      | 2475 ||| UPGRADING to +0 chain mail.
  2485 | D:3      | 2485 ||| DROPPING +0 scale mail.
  2486 | D:3      | 2486 ||| DROPPING +1 leather armour of fire resistance.
  2487 | D:3      | 2487 ||| UPGRADING to +0 cloak.
  2492 | D:3      | 2492 ||| UPGRADING to +1 pair of gloves.
  2497 | D:3      | 2497 ||| READING scroll labelled ACOSUS AXUTET.
  2498 | D:3      | 2498 ||| READING 2 scrolls labelled AMEHIU GODOSTRE.
  2499 | D:3      | 2499 ||| READING scroll of enchant weapon.
  2499 | D:3      | 2499 ||| ENCHANTING +1 war axe.
  2500 | D:3      | 2500 ||| READING 2 scrolls of identify.
  2500 | D:3      | 2500 ||| IDENTIFYING sapphire potion
  2737 | D:4      | Noticed a phantom
  2754 | D:4      | Killed a phantom
  2755 | D:4      | Reached skill level 5 in Axes
  3041 | D:4      | Reached XP level 6. HP: 32/38 MP: 6/6
  3485 | D:4      | Found a shimmering blue altar of Sif Muna.
  3498 | D:4      | Found a sparkling altar of Nemelex Xobeh.
  3499 | D:4      | 3499 ||| READING scroll labelled QAMMUDA IFUAC.
  3529 | D:5      | Entered Level 5 of the Dungeon
  3613 | D:5      | Found an ornate altar of the Wu Jian Council.
  3733 | D:5      | Reached skill level 6 in Axes
  3756 | D:5      | Reached XP level 7. HP: 44/44 MP: 7/7
  3758 | D:5      | Found a stormy altar of Qazlal.
  3759 | D:5      | Found a basalt altar of Yredelemnul.
  3797 | D:5      | Reached skill level 1 in Dodging
  3856 | D:5      | 3856 ||| DROPPING +0 whip.
  3860 | D:5      | Noticed a vampire
  3872 | D:5      | HP: 2/44 [vampire (10)]
  3873 | D:5      | 3873 ||| READING 2 scrolls of teleportation.
  3875 | D:5      | Slain by a vampire

Levels and vault maps discovered:
D:1:      lemuel_arrival_cross, layout_basic, serial_shops,
          nicolae_shop_tiny_statue_garden, chequers_big_river
D:2:      layout_loops_ring, shapermc_ecumenical_altar_gd, grunt_ministairs_6
D:3:      layout_rooms, serial_shops, nicolae_shop_advertising_works
          [nicolae_subvault_shop_adworks], shop, shop, shop, shop
D:4:      layout_basic, mainiacjoe_overflow_big_doors, minmay_misc_feat_encased
D:5:      layout_basic, mainiacjoe_overflow_divided_tiny, kennysheep_mini_moat,
          elyvilon_altar_1

Skill      XL: |  1  2  3  4  5  6  7 |
---------------+----------------------+-----
Axes           | 2 3 4 5 6 |  6.5
Fighting       | 4 |  4.4
Dodging        | 1 |  1.0
Armour         | |  3.2
Shields        | |  3.2

Action                     |  1- 3 |  4- 6 |  7- 9 || total
---------------------------+-------+-------+-------++-------
  Melee: War axe           |   139 |   128 |    35 ||   302
    Use: Scroll            |     7 |     5 |     1 ||    13
         Potion            |     2 |       |       ||     2
 Armour: Scale mail        |    83 |    31 |       ||   114
         Chain mail        |       |    51 |    23 ||    74
  Dodge: Dodged            |    56 |    42 |    11 ||   109
  Block: Buckler           |    30 |    24 |     8 ||    62

Table legend:
 A = Non-vault XP
 B = Vault XP
 C = Vault XP percentage of total XP
 D = Non-vault monster count
 E = Vault monster count
 F = Vault count percentage of total count
                 A         B        C        D         E       F
            +---------+---------+-------+---------+---------+-------
      Total |     799 |       1 |   0.1 |      66 |       1 |   1.5
            +---------+---------+-------+---------+---------+-------
        D:1 |      31 |       0 |   0.0 |      18 |       0 |   0.0
        D:2 |      20 |       1 |   4.8 |       5 |       1 |  16.7
        D:3 |     137 |       0 |   0.0 |      25 |       0 |   0.0
        D:4 |     162 |       0 |   0.0 |       9 |       0 |   0.0
        D:5 |     449 |       0 |   0.0 |       9 |       0 |   0.0
            +---------+---------+-------+---------+---------+-------
